PBL
AMARILLO THUNDERHEADS @ OAKLAND OAKS
08/30/2047
 
TOP OF THE 1ST
Amarillo ThunderHeads batting - Pitching for Oakland Oaks : RHP Quincy Potvin
Pitching: RHP Quincy Potvin
Batting: RHB Sam Voss 0-0: Ball
1-0: DOUBLE (Line Drive, 78XD, EV 105.0 MPH)
Batting: SHB Tyler Romo 0-0: Ball
1-0: Ball
2-0: Called Strike
2-1: Ball
3-1: Called Strike
3-2: Fly out, F7 (Line Drive, 78D, EV 95.6 MPH)
Runner from 2nd tags up, OUT at 3rd! 7-5
Batting: RHB Eric Juarez 0-0: Foul Ball, location: 2F
0-1: Foul Ball, location: 2F
0-2: Foul Ball, location: 2F
0-2: Ball
1-2: Ball
2-2: Ground out 5-3 (Groundball, 5S, EV 89.4 MPH)
Top of the 1st over - 0 runs, 1 hit, 0 errors, 0 left on base; Amarillo 0 - Oakland 0
BOTTOM OF THE 1ST
Oakland Oaks batting - Pitching for Amarillo ThunderHeads : RHP Al Nava
Pitching: RHP Al Nava
Batting: RHB Gabe Secundino 0-0: Ball
1-0: SOLO HOME RUN (Flyball, 78XD, EV 107.5 MPH), Distance : 430 ft
Batting: RHB Nathaniel Adderley 0-0: Called Strike
0-1: Foul Ball, location: 2F
0-2: Strikes out swinging, 2-3 out at first.
Batting: RHB Pete Goerge 0-0: Swinging Strike
0-1: Ball
1-1: Ball
2-1: Ball
3-1: Foul Ball, location: 2F
3-2: Foul Ball, location: 2F
3-2: Base on Balls
Batting: RHB Rafael Alarcon 0-0: Ball
1-0: Called Strike
1-1: Ball
2-1: Foul Ball, location: 2F
2-2: Foul Ball, location: 2F
2-2: Foul Ball, location: 2F
2-2: Ball
3-2: Strikes out looking
Batting: RHB Chris Prinzing 0-0: Ball
1-0: Swinging Strike
1-1: Foul Ball, location: 2F
1-2: Ball
2-2: Foul Ball, location: 2F
2-2: Foul Ball, location: 2F
2-2: Fly out, F8 (Flyball, 8RD, EV 91.2 MPH)
Bottom of the 1st over - 1 run, 1 hit, 0 errors, 1 left on base; Amarillo 0 - Oakland 1
TOP OF THE 2ND
Amarillo ThunderHeads batting - Pitching for Oakland Oaks : RHP Quincy Potvin
Batting: RHB Eric Camillo 0-0: Ball
1-0: Foul Ball, location: 2F
1-1: Called Strike
1-2: SOLO HOME RUN (Flyball, 78XD, EV 105.0 MPH), Distance : 446 ft
Batting: RHB Ray Travis 0-0: Hit by Pitch
Batting: RHB Josh Shoemaker 0-0: Foul Ball, location: 2F
0-1: Fly out, F6 (Popup, 6M, EV 57.5 MPH)
Batting: RHB Shi-fu Cuan 0-0: Ball
1-0: Called Strike
1-1: Ball
2-1: Ball
3-1: Fielders Choice at 2nd, 3-6 (Groundball, 34, EV 101.9 MPH)
Batting: LHB Tony Cisneros 0-0: Ball
1-0: Ground out U3 (Groundball, 23, EV 81.2 MPH)
Top of the 2nd over - 1 run, 1 hit, 0 errors, 1 left on base; Amarillo 1 - Oakland 1
BOTTOM OF THE 2ND
Oakland Oaks batting - Pitching for Amarillo ThunderHeads : RHP Al Nava
Batting: RHB Ryan Jennings 0-0: Called Strike
0-1: Ball
1-1: Called Strike
1-2: Ball
2-2: Strikes out looking
Batting: LHB Bill Helmer 0-0: Ball
1-0: Ball
2-0: Ball
3-0: Base on Balls
Batting: RHB Edwin Nunez 0-0: Ball
1-0: Fly out, F7 (Flyball, 7LS, EV 83.8 MPH)
Batting: RHB Dave Villarreal 0-0: Ball
1-0: Swinging Strike
1-1: Foul Ball, location: 2F
1-2: Ball
Bill Helmer steals 2nd base
2-2: Foul Ball, location: 2F
2-2: Ball
3-2: Foul Ball, location: 2F
3-2: Foul Ball, location: 2F
3-2: Base on Balls
Batting: RHB Gabe Secundino 0-0: Ball
1-0: Ball
2-0: Fly out, F4 (Line Drive, 4M, EV 65.0 MPH)
Bottom of the 2nd over - 0 runs, 0 hits, 0 errors, 2 left on base; Amarillo 1 - Oakland 1
TOP OF THE 3RD
Amarillo ThunderHeads batting - Pitching for Oakland Oaks : RHP Quincy Potvin
Batting: RHB Zhong See-to 0-0: Foul Ball, location: 2F
0-1: Ball
1-1: Ball
2-1: Ball
3-1: Called Strike
3-2: Foul Ball, location: 2F
3-2: Foul Ball, location: 2F
3-2: Foul Ball, location: 2F
3-2: Base on Balls
Batting: RHB Sam Voss 0-0: Ball
1-0: Fly out, F4 (Line Drive, 4, EV 75.0 MPH)
Batting: SHB Tyler Romo 0-0: Called Strike
0-1: Swinging Strike
0-2: Ball
1-2: Ball
2-2: Ball
3-2: DOUBLE (Flyball, 8LXD, EV 104.4 MPH)
Zhong See-to to third
Batting: RHB Eric Juarez 0-0: Ball
1-0: Called Strike
1-1: Ball
2-1: Called Strike
2-2: Ball
3-2: Foul Ball, location: 2F
3-2: Fly out, F8 (Flyball, 8RM, EV 88.8 MPH)
Runner from 3rd tags up, SCORES, no throw by CF
Batting: RHB Eric Camillo 0-0: Foul Ball, location: 2F
0-1: Ball
1-1: Called Strike
1-2: Ball
2-2: Ball
3-2: Base on Balls
Batting: RHB Ray Travis 0-0: Ball
1-0: Ball
2-0: Ball
3-0: Called Strike
3-1: Foul Ball, location: 2F
3-2: Foul Ball, location: 2F
3-2: Strikes out looking
Top of the 3rd over - 1 run, 1 hit, 0 errors, 2 left on base; Amarillo 2 - Oakland 1
BOTTOM OF THE 3RD
Oakland Oaks batting - Pitching for Amarillo ThunderHeads : RHP Al Nava
Batting: RHB Nathaniel Adderley 0-0: Called Strike
0-1: Ball
1-1: Ball
2-1: Ball
3-1: SINGLE (Line Drive, 6M, EV 95.0 MPH)
Batting: RHB Pete Goerge 0-0: Foul Ball, location: 2F
0-1: Ball
Nathaniel Adderley steals 2nd, throwing error, E2
Nathaniel Adderley to third
1-1: Ball
2-1: Foul Ball, location: 2F
2-2: Fly out, F9 (Line Drive, 89S, EV 95.6 MPH)
Batting: RHB Rafael Alarcon 0-0: Called Strike
0-1: Ball
1-1: Swinging Strike
1-2: Foul Ball, location: 2F
1-2: Ball
2-2: Strikes out looking
Batting: RHB Chris Prinzing 0-0: Ground out 5-3 (Groundball, 5S, EV 78.8 MPH)
Bottom of the 3rd over - 0 runs, 1 hit, 1 error, 1 left on base; Amarillo 2 - Oakland 1
TOP OF THE 4TH
Amarillo ThunderHeads batting - Pitching for Oakland Oaks : RHP Quincy Potvin
Batting: RHB Josh Shoemaker 0-0: Swinging Strike
0-1: Ball
1-1: Ball
2-1: Ball
3-1: Foul Ball, location: 2F
3-2: Fly out, F8 (Line Drive, 8LD, EV 91.9 MPH)
Batting: RHB Shi-fu Cuan 0-0: Called Strike
0-1: Called Strike
0-2: Ball
1-2: Ball
2-2: Ball
3-2: Foul Ball, location: 2F
3-2: Base on Balls
Batting: LHB Tony Cisneros 0-0: Ball
1-0: Foul Ball, location: 2F
1-1: Called Strike
1-2: Foul Ball, location: 2F
1-2: Ground out 4-3 (Groundball, 34, EV 86.2 MPH)
Shi-fu Cuan to second
Batting: RHB Zhong See-to 0-0: Ball
1-0: Called Strike
1-1: Ball
2-1: Swinging Strike
2-2: Strikes out swinging
Top of the 4th over - 0 runs, 0 hits, 0 errors, 1 left on base; Amarillo 2 - Oakland 1
BOTTOM OF THE 4TH
Oakland Oaks batting - Pitching for Amarillo ThunderHeads : RHP Al Nava
Batting: RHB Ryan Jennings 0-0: SINGLE (Line Drive, 8RM, EV 92.5 MPH)
Batting: LHB Bill Helmer 0-0: SINGLE (Groundball, 34D, EV 102.5 MPH)
Ryan Jennings to second
Runner from 2nd tries for 3rd, OUT! 9-5
Batting: RHB Edwin Nunez 0-0: Called Strike
0-1: Foul Ball, location: 2F
0-2: Fly out, F7 (Flyball, 7, EV 92.5 MPH)
Batting: RHB Dave Villarreal 0-0: Called Strike
Bill Helmer steals 2nd base
0-1: Ground out 4-3 (Groundball, 4, EV 90.6 MPH)
Bottom of the 4th over - 0 runs, 2 hits, 0 errors, 1 left on base; Amarillo 2 - Oakland 1
TOP OF THE 5TH
Amarillo ThunderHeads batting - Pitching for Oakland Oaks : RHP Quincy Potvin
Batting: RHB Sam Voss 0-0: Called Strike
0-1: Swinging Strike
0-2: Ball
1-2: Foul Ball, location: 2F
1-2: Ball
2-2: Foul Ball, location: 2F
2-2: Foul Ball, location: 2F
2-2: Strikes out swinging
Batting: SHB Tyler Romo 0-0: Ball
1-0: Ball
2-0: Ball
3-0: Called Strike
3-1: Called Strike
3-2: Strikes out swinging
Batting: RHB Eric Juarez 0-0: Ball
1-0: Ball
2-0: Fly out, F6 (Flyball, 56D, EV 87.5 MPH)
Top of the 5th over - 0 runs, 0 hits, 0 errors, 0 left on base; Amarillo 2 - Oakland 1
BOTTOM OF THE 5TH
Oakland Oaks batting - Pitching for Amarillo ThunderHeads : RHP Al Nava
Batting: RHB Gabe Secundino 0-0: Foul Ball, location: 2F
0-1: Ball
1-1: Ball
2-1: Fly out, F9 (Flyball, 9S, EV 79.4 MPH)
Batting: RHB Nathaniel Adderley 0-0: Ball
1-0: Called Strike
1-1: Swinging Strike
1-2: Strikes out swinging
Batting: RHB Pete Goerge 0-0: Called Strike
0-1: Ball
1-1: Ball
2-1: Swinging Strike
2-2: Ball
3-2: Fly out, F8 (Flyball, 8LM, EV 89.4 MPH)
Bottom of the 5th over - 0 runs, 0 hits, 0 errors, 0 left on base; Amarillo 2 - Oakland 1
TOP OF THE 6TH
Amarillo ThunderHeads batting - Pitching for Oakland Oaks : RHP Quincy Potvin
Batting: RHB Eric Camillo 0-0: Ball
1-0: SOLO HOME RUN (Flyball, 7D, EV 102.5 MPH), Distance : 381 ft
Batting: RHB Ray Travis 0-0: Called Strike
0-1: Fly out, F5 (Popup, 5SF, EV 69.4 MPH)
Batting: RHB Josh Shoemaker 0-0: Called Strike
0-1: Ground out 6-3 (Groundball, 6, EV 101.2 MPH)
Batting: RHB Shi-fu Cuan 0-0: Ground out U3 (Groundball, 3, EV 86.9 MPH)
Top of the 6th over - 1 run, 1 hit, 0 errors, 0 left on base; Amarillo 3 - Oakland 1
BOTTOM OF THE 6TH
Oakland Oaks batting - Pitching for Amarillo ThunderHeads : RHP Al Nava
Batting: RHB Rafael Alarcon 0-0: Called Strike
0-1: Ball
1-1: Called Strike
1-2: Foul Ball, location: 2F
1-2: Ball
2-2: SOLO HOME RUN (Flyball, 7D, EV 99.4 MPH), Distance : 384 ft
Batting: RHB Chris Prinzing 0-0: Ball
1-0: Foul Ball, location: 2F
1-1: Ball
2-1: Ball
3-1: Foul Ball, location: 2F
3-2: Base on Balls
Batting: RHB Ryan Jennings 0-0: Called Strike
0-1: Ball
1-1: Called Strike
1-2: Grounds into double play, 6-4-3 (Groundball, 6M, EV 78.8 MPH)
Pinch Hitting: RHB Amare Brown 0-0: Ball
1-0: Called Strike
1-1: Called Strike
1-2: Ball
2-2: Foul Ball, location: 2F
2-2: Foul Ball, location: 2F
2-2: Strikes out swinging
Bottom of the 6th over - 1 run, 1 hit, 0 errors, 0 left on base; Amarillo 3 - Oakland 2
TOP OF THE 7TH
Amarillo ThunderHeads batting - Pitching for Oakland Oaks : RHP Quincy Potvin
Pitching: RHP Bill McAskill
Now in CF: Nathaniel Adderley
Now in RF: Diego Vega
Batting: LHB Tony Cisneros 0-0: Called Strike
0-1: Foul Ball, location: 2F
0-2: Strikes out looking
Batting: RHB Mario Gomez 0-0: Called Strike
0-1: Swinging Strike
0-2: Ball
1-2: Foul Ball, location: 2F
1-2: Ball
2-2: Strikes out looking
Batting: RHB Sam Voss 0-0: Hit by Pitch
Batting: SHB Tyler Romo 0-0: Foul Ball, location: 2F
0-1: Swinging Strike
0-2: Ground out U3 (Groundball, 3, EV 85.6 MPH)
Top of the 7th over - 0 runs, 0 hits, 0 errors, 1 left on base; Amarillo 3 - Oakland 2
BOTTOM OF THE 7TH
Oakland Oaks batting - Pitching for Amarillo ThunderHeads : RHP Al Nava
Pitching: LHP Matt Hawk
Batting: RHB Edwin Nunez 0-0: Swinging Strike
0-1: Ball
1-1: Called Strike
1-2: Foul Ball, location: 2F
1-2: Foul Ball, location: 2F
1-2: SINGLE (Groundball, 56S, EV 71.9 MPH) (infield hit)
Batting: LHB Brian Puccio 0-0: Grounds into double play, 4-6-3 (Groundball, 4, EV 81.9 MPH)
Batting: RHB Gabe Secundino 0-0: Called Strike
0-1: Ball
1-1: Ball
2-1: Called Strike
2-2: Ball
3-2: Strikes out looking
Bottom of the 7th over - 0 runs, 1 hit, 0 errors, 0 left on base; Amarillo 3 - Oakland 2
TOP OF THE 8TH
Amarillo ThunderHeads batting - Pitching for Oakland Oaks : RHP Bill McAskill
Batting: RHB Eric Juarez 0-0: Fly out, F5 (Popup, 5SF, EV 86.9 MPH)
Batting: RHB Eric Camillo 0-0: Foul Ball, location: 2F
0-1: Ball
1-1: Ball
2-1: SINGLE (Groundball, 56D, EV 96.9 MPH)
Batting: RHB Ray Travis 0-0: Ball
1-0: Ball
2-0: Ball
3-0: Called Strike
3-1: Base on Balls
Eric Camillo to second
Batting: RHB Josh Shoemaker 0-0: Ball
1-0: Called Strike
1-1: Ball
2-1: Ball
3-1: Called Strike
3-2: Base on Balls
Eric Camillo to third
Ray Travis to second
Pinch Hitting: RHB Bill Flannery 0-0: Ball
1-0: Ball
2-0: Foul Ball, location: 2F
2-1: Swinging Strike
2-2: Strikes out swinging
Batting: LHB Tony Cisneros 0-0: Ball
1-0: Ball
2-0: Fielders Choice at 2nd, U4 (Groundball, 4M, EV 82.5 MPH)
Top of the 8th over - 0 runs, 1 hit, 0 errors, 3 left on base; Amarillo 3 - Oakland 2
BOTTOM OF THE 8TH
Oakland Oaks batting - Pitching for Amarillo ThunderHeads : LHP Matt Hawk
Now at 3B: Josh Shoemaker
Now at SS: Bill Flannery
Batting: RHB Nathaniel Adderley 0-0: Ball
1-0: Foul Ball, location: 2F
1-1: SINGLE (Flyball, 7LS, EV 93.1 MPH)
Batting: RHB Pete Goerge 0-0: Called Strike
0-1: Called Strike
0-2: Strikes out swinging
Batting: RHB Rafael Alarcon 0-0: Foul Ball, location: 2F
0-1: Foul Ball, location: 2F
0-2: Ball
1-2: Ball
2-2: Strikes out swinging
Batting: RHB Chris Prinzing 0-0: Ball
1-0: Ball
2-0: Foul Ball, location: 2F
2-1: Fly out, F7 (Line Drive, 7, EV 94.4 MPH)
Bottom of the 8th over - 0 runs, 1 hit, 0 errors, 1 left on base; Amarillo 3 - Oakland 2
TOP OF THE 9TH
Amarillo ThunderHeads batting - Pitching for Oakland Oaks : RHP Bill McAskill
Batting: RHB Mario Gomez 0-0: Called Strike
0-1: Swinging Strike
0-2: Foul Ball, location: 2F
0-2: Ball
1-2: Foul Ball, location: 2F
1-2: Fly out, F9 (Line Drive, 9, EV 94.4 MPH)
Batting: RHB Sam Voss 0-0: Fly out, F7 (Flyball, 7S, EV 85.0 MPH)
Batting: SHB Tyler Romo 0-0: Ball
1-0: Foul Ball, location: 2F
1-1: Ball
2-1: Ball
3-1: Called Strike
3-2: Fly out, F8 (Flyball, 78D, EV 94.4 MPH)
Top of the 9th over - 0 runs, 0 hits, 0 errors, 0 left on base; Amarillo 3 - Oakland 2
BOTTOM OF THE 9TH
Oakland Oaks batting - Pitching for Amarillo ThunderHeads : LHP Matt Hawk
Pitching: RHP Trent Murdock
Batting: RHB Ryan Jennings 0-0: Ball
1-0: Called Strike
1-1: Swinging Strike
1-2: Foul Ball, location: 2F
1-2: Foul Ball, location: 2F
1-2: Ball
2-2: Strikes out swinging
Batting: LHB Diego Vega 0-0: Ball
1-0: Ball
2-0: Swinging Strike
2-1: Fly out, F9 (Flyball, 89M, EV 98.1 MPH)
Batting: RHB Edwin Nunez 0-0: Ground out 4-3 (Groundball, 4M, EV 81.2 MPH)
Bottom of the 9th over - 0 runs, 0 hits, 0 errors, 0 left on base; Amarillo 3 - Oakland 2
Thursday, December 15th , 2022 - OOTP Baseball 23.9 Build 102